 Dungeon Crawl Stone Soup version 0.31-a0-1008-g5b978dac0e (webtiles) character file.

Game seed: 1621590627524360867

305 BinkBink the Chopper (level 6, -6/55 HPs)
             Began as a Minotaur Fighter on Nov 13, 2023.
             Shot with an arrow by a centaur (9 damage)
             ... on level 5 of the Dungeon.
             The game lasted 00:02:40 (3044 turns).

BinkBink the Chopper (Minotaur Fighter)             Turns: 3044, Time: 00:02:40

Health: -6/55      AC:  7    Str: 23    XL:     6   Next: 15%
Magic:  0/5        EV:  9    Int:  5    God:
Gold:   226        SH:  5    Dex: 15    Spells: 5/5 levels left

rFire   . . .        a - +0 war axe
rCold   . . .        c - +0 buckler
rNeg    . . .        b - +0 scale mail
rPois   .            (helmet restricted)
rElec   .            (no cloak)
rCorr   +            (no gloves)
SInv    .            (no boots)
Will    .....        i - amulet of guardian spirit Stlth
                     k - ring of resist corrosion
HPRegen 0.29/turn    p - +6 ring of dexterity
MPRegen 0.09/turn

%: guardian spirit
@: marked
A: horns 2, retaliatory headbutt
a: no special abilities


You were on level 5 of the Dungeon.
You visited 1 branch of the dungeon, and saw 5 of its levels.

You collected 226 gold pieces.

Inventory:

Hand Weapons
 a - a +0 war axe (weapon)
Armour
 b - a +0 scale mail (worn)
 c - a +0 buckler (worn)
Jewellery
 i - an amulet of guardian spirit (around neck)
 k - a ring of resist corrosion (left hand)
 p - a +6 ring of dexterity (right hand)
Scrolls
 f - 4 scrolls of identify {unknown}
 g - a scroll of summoning {unknown}
 j - a scroll of brand weapon {unknown}
 l - 2 scrolls of fog {unknown}
 o - a scroll of fear {unknown}
 q - 2 scrolls of immolation {unknown}
 r - 3 scrolls of teleportation {unknown}
 s - a scroll of vulnerability {unknown}
 t - a scroll of amnesia {unknown}
 v - a scroll of blinking {unknown}
Potions
 d - 4 potions of might
 e - 3 potions of cancellation {unknown}
 h - 3 potions of curing {unknown}
 m - 2 potions of brilliance {unknown}
 n - a potion of invisibility {unknown}
 u - a potion of enlightenment {unknown}
 w - a potion of attraction {unknown}


   Skills:
 + Level 4.9 Fighting
 * Level 5.2 Axes
 + Level 4.9 Armour
 + Level 5.0 Shields


You had 5 spell levels left.
You didn't know any spells.
Your spell library contained the following spells:

 Spells                   Type           Power      Damage    Failure   Level
 Sandblast                Erth           0%         2d4       83%         1
 Passwall                 Tmut/Erth      0%         N/A       93%         2
 Ozocubu's Armour         Ice            0%         N/A       99%         3
 Stone Arrow              Conj/Erth      0%         3d7       99%         3
 Brom's Barrelling Bould  Conj/Erth      0%         2d3       100%        4
 Ozocubu's Refrigeration  Ice            0%         4d7       100%        7


Dungeon Overview and Level Annotations

Branches:
Dungeon (5/15)
 Temple: D:4-7

Altars:
Fedhas
The Shining One

Shops:
D:1 =


Innate Abilities, Weirdness & Mutations

You have a pair of horns on your head.
You reflexively headbutt those who attack you in melee.


Message History

You see here a hound corpse.
There is a stone staircase leading up here.
You now have 226 gold pieces (gained 5).
f - 4 scrolls labelled FOARHO JAUR (gained 1)
A malevolent force fills the Dungeon...
With a horrendous wail, an alarm goes off!
A sentinel's mark forms upon you.
You hear an angry hiss.
You hear a shout!
Something shouts, "Escape, thou goatish onion-eyed whip-jack!"
You hear a shout!
Something shouts, "Capitulate, thou canting clapper-clawed cow!"
You hear a bark!
An iguana comes into view.
Found a stone staircase leading down.
The iguana bites you but does no damage.
You slash the iguana!
The iguana is almost dead.
A centaur comes into view.
The iguana closely misses you.
You slash the iguana!
You kill the iguana!
The centaur wields a +0 shortbow.
The centaur shoots an arrow.
The arrow hits you.
A centaur comes into view.
Your Shields skill increases to level 5!
The centaur shoots an arrow.
You block the arrow.
The centaur shoots an arrow.
The arrow hits you!
The centaur shoots an arrow.
The arrow hits you!
The centaur wields a +0 shortbow.
The centaur shoots an arrow.
The arrow hits you!
The centaur shoots an arrow.
The arrow hits you.
The centaur shoots an arrow.
The arrow hits you!
The centaur shoots an arrow.
You block the arrow.
An ogre comes into view. It is wielding a +0 giant club.
The centaur shoots an arrow.
The arrow hits you!
* * * LOW HITPOINT WARNING * * *
The centaur shoots an arrow.
The arrow hits you!
* * * LOW HITPOINT WARNING * * *
The centaur shoots an arrow.
The arrow hits you!
You die...

############
..........>###### ##
#####.c..†..c... ...
#.c...###.######
##..#.###.# ...
....O.....# .###
.#.#..c#.# ..
#...#.###.# #...@.....#
#.#.#.##..#
...#.#.##..#.#
##############.........#
##.........# ###.#.#.###
....##<..#.######.#.#
#....†#.#........# #
###.#.#.########.#
#.#.#.. ..#


You could see an ogre and 2 centaurs.

Vanquished Creatures
  A phantom (D:4)
  A crimson imp (D:4)
  A hound (D:5)
  An iguana (D:5)
  4 adders
  A white imp (D:4)
  3 worms
  3 dart slugs
  6 orcs
  8 ball pythons
  5 endoplasms
  5 giant cockroaches
  11 goblins
  4 hobgoblins
  3 jackals (D:1)
  2 kobolds
  2 quokkas
  7 bats
  3 frilled lizards (D:3)
  7 rats
78 creatures vanquished.

Notes
Turn   | Place    | Note
-------+----------+-------------------------------------------
     0 | D:1      | BinkBink the Minotaur Fighter began the quest for the Orb.
     0 | D:1      | Reached XP level 1. HP: 19/19 MP: 0/0
    75 | D:1      | Reached XP level 2. HP: 16/27 MP: 1/1
   280 | D:1      | Reached XP level 3. HP: 30/33 MP: 2/2
   300 | D:1      | Found Cips's Jewellery Boutique.
  1244 | D:2      | Reached XP level 4. HP: 40/40 MP: 3/3
  1505 | D:3      | You fall into a shaft and drop 1 floor!
  1519 | D:4      | Found a glowing golden altar of the Shining One.
  2014 | D:4      | Noticed a phantom
  2024 | D:4      | Killed a phantom
  2025 | D:4      | Reached XP level 5. HP: 35/47 MP: 2/4
  2641 | D:3      | Found a faded altar of an unknown god.
  2658 | D:3      | Reached skill level 5 in Axes
  2777 | D:3      | Found a blossoming altar of Fedhas.
  2999 | D:5      | Entered Level 5 of the Dungeon
  3002 | D:5      | Reached XP level 6. HP: 55/55 MP: 5/5
  3037 | D:5      | Reached skill level 5 in Shields
  3044 | D:5      | Shot with an arrow by a centaur

Illustrated notes

Levels and vault maps discovered:
D:1:      eino_arrival_cavern_d, layout_rooms, serial_shops, nicolae_shop_stone
D:2:      layout_loops_corners
D:3:      layout_basic, fedhas_altar_1, hellmonk_ecumenical_altar_crossroads
D:4:      layout_loops_ring, mainiacjoe_overflow_24_doors, st_stairs_11,
          minmay_tree_intersection, minmay_fire_ice_demons
D:5:      layout_basic, lemuel_tele_altar, minivault_14, uniq_edmund,
          uniq_prince_ribbit1

Skill      XL: |  1  2  3  4  5  6 |
---------------+-------------------+-----
Axes           | 3 4 5 |  5.2
Armour         | 4 |  4.9
Fighting       | 4 |  4.9
Shields        | 4 5 |  5.0

Action                     |  1- 3 |  4- 6 || total
---------------------------+-------+-------++-------
  Melee: War axe           |    77 |    87 ||   164
         Headbutt          |     7 |     8 ||    15
 Armour: Scale mail        |    68 |    56 ||   124
  Dodge: Dodged            |    40 |    34 ||    74
  Block: Buckler           |    19 |    20 ||    39

Table legend: (Time is in decaauts)
 A = Elapsed time spent in this place.
 B = Non-inter-level travel time spent in this place.
 C = Inter-level travel time spent in this place.
 D = Time resting spent in this place.
 E = Time spent auto-exploring this place.
 F = Levels seen in this place.
 G = Mean time per level.
                   A        B        C        D        E       F      G
               +--------+--------+--------+--------+--------+-----+--------+
         Total |   3097 |   2986 |    111 |      0 |   2533 |   5 |  619.4 |
       Dungeon |   3097 |   2986 |    111 |      0 |   2533 |   5 |  619.4 |
               +--------+--------+--------+--------+--------+-----+--------+

Top non-repeatable levels by time:
     D:4: 899 daAuts
     D:2: 898 daAuts
     D:3: 631 daAuts
     D:1: 622 daAuts
     D:5: 45 daAuts
